Unix NetHack Version 5.0.0-0 post-release - last build Jun 10 2026 00:39:30 (3ee93aec679c4c4259841fe613dc97188e26a321,branch:main).

Game began 2026-06-10 13:37:44, ended 2026-06-10 20:54:04.

IanCurtis, chaotic male elven Wizard

                                  -
                                  .
                          ----   -.-
                          |..|   |.+
                          |..|   |Y|
                        | |%%|   |.----
                        . --%-----Y@{.----    --+-----
                        |...(%....s....................|
                        --------------------------------

IanCurtis the Thaumaturge  St:8 Dx:14 Co:12 In:20 Wi:10 Ch:11  Chaotic
Dlvl:8  $:0  HP:0(44) Pw:18(73) AC:10 Xp:6 T:2281 

Latest messages:
 You hear a door open.
 The gnome lord hits!
 In what direction? l
 The spell hits the gnome lord!
 The gnome lord hits!
 You hear a door open.
 In what direction? l
 The spell hits the gnome lord!
 You kill the gnome lord!
 In what direction? j
 The door resists!
 In what direction? j
 The door closes.
 In what direction? <space>
 The monkey opens a door.
 In what direction? j
 The spell hits the monkey!
 In what direction? j
 The spell hits the monkey!
 You kill the monkey!
 In what direction? j
 The door resists!
 In what direction? j
 The door closes.
 The gnome opens a door.
 The gnome throws a thonged club!
 You are hit by a thonged club.
 You stop searching.
 The thonged club returns to the gnome's hand!
 In what direction? j
 The spell hits the gnome!
 You kill the gnome!
 There is an open door here.
 There are several objects here.
 f - a slime mold.
 You see here a pick-axe.
 What do you want to drop? [fL or ?*] ?
 You drop a slime mold.
 Are you waiting to get hit?  Use 'm' prefix to force a no-op (to rest).
 The monkey hits!
 The monkey tries to snatch your gray stone but gives up.
 The monkey bites!
 The monkey hits!
 The monkey tries to snatch your gray stone but gives up.
 The monkey bites!
 The monkey hits!
 The monkey tries to steal your gray stone but gives up.
 The giant spider bites!
 You die...
 Do you want your possessions identified? [ynq] (y) q

Inventory:
 Gems/Stones  ('*')
  L - a cursed loadstone

IanCurtis the Wizard's attributes:

Background:
 You were a Thaumaturge, a level 6 male elven Wizard.
 You were chaotic, on a mission for Anhur
 who was opposed by Ptah (lawful) and Thoth (neutral).
 You were right-handed.
 You were in the Gnomish Mines, on level 8.
 You entered the dungeon 2281 turns ago.
 You had 409 experience points, 231 more were needed to attain level 7.

Basics:
 You had 0 out of 44 hit points.
 You had 18 out of 73 energy points (spell power).
 Your armor class was 10.
 Your wallet was empty.
 Autopickup was off.

Final Characteristics:
 Your strength was 8 (limit:18).
 Your dexterity was 14 (limit:18).
 Your constitution was 12 (peak:13, limit:16).
 Your intelligence was 20 (limit:20).
 Your wisdom was 10 (limit:20).
 Your charisma was 11 (limit:18).

Final Status:
 You weren't hungry.
 You were unencumbered.
 You were bare handed.
 You were unskilled in bare handed combat.
 You weren't wearing any armor.

Final Attributes:
 You were piously aligned.
 You were sleep resistant.
 You had infravision.
 You are dead.

Miscellaneous:
 You encountered 1 bones level.
 Total elapsed playing time was 44 minutes and 2 seconds.

Major events:
 Turn
    1: IanCurtis the chaotic male elven Wizard entered the dungeon
 1069: attained the rank of Conjurer (level 3)
 1287: entered the Gnomish Mines
 2166: attained the rank of Thaumaturge (level 6)
 2213: reached Mine Town
 2281: killed by a giant spider

Spells:
 Name                 Level Category     Fail Retention
 force bolt             1   attack         0%   81%-90%
 wizard lock            2   matter        29%  76%-100%

Skills:
 Fighting Skills
   bare handed combat [Unskilled]
   riding             [Unskilled]
 Weapon Skills
   dagger             [Unskilled]
   knife              [Unskilled]
   axe                [Unskilled]
   short sword        [Unskilled]
   club               [Unskilled]
   mace               [Unskilled]
   quarterstaff       [Basic]
   polearms           [Unskilled]
   spear              [Unskilled]
   trident            [Unskilled]
   sling              [Unskilled]
   dart               [Unskilled]
   shuriken           [Unskilled]
 Spellcasting Skills
   attack spells      [Basic]
   healing spells     [Unskilled]
   divination spells  [Unskilled]
   enchantment spells [Basic]
   clerical spells    [Unskilled]
   escape spells      [Unskilled]
   matter spells      [Unskilled]

Voluntary challenges:
 Character rerolling was not enabled.
 You never genocided any monsters.
 You never polymorphed an object.
 You never changed form.
 You used no wishes.
Achievements:
 You attained the rank of Conjurer.
 You entered the Gnomish Mines.
 You attained the rank of Thaumaturge.
 You entered Minetown.

 The Dungeons of Doom: levels 1 to 6
    Level 1:
       A fountain.
    Level 2:
       A fountain.
    Level 3:
       A fountain.
    Level 4:
       A fountain.
       Stairs down to The Gnomish Mines.
    Level 5:
       A fountain.
    Level 6:
 The Gnomish Mines: levels 5 to 8
    Level 5: "supplies on upstair"
       A grave.
       Final resting place for
          atorox-Tou-Hum-Mal-Neu, killed by a dart.
    Level 6:
    Level 7:
    Level 8: <- You were here.
       A fountain.
       Final resting place for
          you, killed by a giant spider.


Vanquished creatures:
  a ghost
  a leprechaun
  4 Mordor orcs
  a pony
  3 gnome leaders
  a paper golem
  a little dog
  a kitten
  3 dwarves
  a centipede
  a monkey
  a wererat
  a werejackal
 an iguana
  a large kobold
  a hobgoblin
  a cave spider
  a brown mold
  a yellow mold
  a green mold
 11 gnomes
  a gecko
  3 jackals
  a fox
  a sewer rat
  2 lichens
  a kobold zombie
  5 newts
52 creatures vanquished.

No species were genocided or became extinct.

Game over:
                       ----------
                      /          \
                     /    REST    \
                    /      IN      \
                   /     PEACE      \
                  /                  \
                  |    IanCurtis     |
                  |       0 Au       |
                  |   killed by a    |
                  |   giant spider   |
                  |                  |
                  |                  |
                  |       2026       |
                 *|     *  *  *      | *
        _________)/\\_//(\/(/\)/\//\/|_)_______

Goodbye IanCurtis the Wizard...

You died in The Gnomish Mines on dungeon level 8 with 1986 points,
and 0 pieces of gold, after 2281 moves.
You were level 6 with a maximum of 44 hit points when you died.

